AoeStats
← 太阳当空照

Arena

509825064Analyzed
2v2 RM · 5d ago on Sep 28, 2026· 26m 34s· 4 players
Game mode
Random Map
Map size
Medium (4 player)
Population
200
Speed
Normal
Resources
Standard
Victory
Conquest
Starting age
Dark Age
Ending age
Imperial Age
RankedLock teamsTeams togetherTeam positionsShared explorationLock speedFull tech treeHidden civsTurbo modeCheats
Victory
Defeat
🇨🇳 Spanish · China
1239
+17
🇨🇳 Spanish · China
1203
+18
🇦🇷 Portuguese · Argentina
1272
-18
🇮🇳 Burgundians · India
1248
-17
Hyderabad (Ind)
5:49 Double-Bit Axe
9:25 Horse Collar
12:19 Feudal Age
17:00 Castle Age
14:55 Gold Mining
15:28 Bow Saw
16:18 Heavy Plow
16:07 Loom
17:13 Cavalier
17:53 Husbandry
19:07 Forging
19:04 Scale Barding Armor
18:56 Stone Mining
19:49 Fletching
19:59 Padded Archer Armor
21:44 Bodkin Arrow
23:05 Ballistics
Medusinnn
9:29 Feudal Age
7:49 Loom
9:34 Feudal Age
13:30 Castle Age
18:07 Fletching
22:17 Elite Skirmisher
小虾米
11:02 Feudal Age
12:17 Loom
14:41 Castle Age
13:47 Double-Bit Axe
13:44 Horse Collar
16:12 Bow Saw
24:35 Padded Archer Armor
24:23 Loom
25:36 Fletching
26:05 Heavy Plow
太阳当空照
10:31 Feudal Age
14:42 Castle Age
12:51 Double-Bit Axe
13:28 Horse Collar
19:36 Padded Archer Armor
21:09 Fletching
26:34 Bow Saw
Connection lost

Rejoining the realm…

Still unreachable

The connection could not be restored.

Session expired

The server has moved on; the page needs a fresh start.